cohdb
Replays
Latest Replays
All Replays
Popular Replays
Top Player Replays
Match Explorer
How It Works
Community
CoH3 Stats
Reddit
Sign in to upload your games and track your stats! →
Sign in with Steam
Match 38639231
Unlisted
Match 38639231
Overview
Messages
Build Orders
End
Kradschützen Motorcycle Team
Selects Italian Infantry
Panzergrenadier Squad
250 Light Carrier
Construct Light Support Kompanie
Panzerjäger Squad
Fire Support Elements
MG34 Team
Panzergrenadier Squad
Combat Half-tracks
Selects Guastatori Squad
Selects L6/40 Light Tank Combat Group
Guastatori Squad
Construct Panzerarmee Kommand
Panzer III L Medium Tank
Selects Towed Cannone da 105/28 Field Howitzer
Guastatori Squad
Armored Reserves
Panzer IV Assault Group
Selects Defensive Operations
Selects Territory Booby Traps
Flak 36 Anti-tank Gun Team
Towed Cannone da 105/28 Field Howitzer
Selects Obice 305mm Barrage
Guastatori Squad
Flakvierling Half-track
Obice 305mm Barrage
Panzer IV Assault Group
Joey
SneaKerz
0
0
Comments
sign in to comment!
No comments posted yet!